 Dungeon Crawl Stone Soup version 0.31-a0-344-gd109795599 (webtiles) character file.

Game seed: 9494633505406854006

7745 olmar the Grappler (level 10, -1/79 (80) HPs)
             Began as a Demigod Shapeshifter on July 21, 2023.
             Slain by a hell rat (16 damage)
             ... on level 8 of the Dungeon.
             The game lasted 00:18:17 (12180 turns).

olmar the Grappler (Demigod Shapeshifter)          Turns: 12180, Time: 00:18:17

HP:   -1/79 (80)    AC:  6    Str: 28    XL:     10   Next: 69%
MP:   13/13         EV: 12    Int: 10    God:
Gold: 393           SH:  0    Dex: 14    Spells: 7/9 levels left

rFire   . .          .
                       - Unarmed
rCold   . . .        (no shield)
rNeg    . . .        l - +0 scale mail
rPois   .            (helmet currently unavailable)
rElec   .            (cloak currently unavailable)
rCorr   .            (gloves currently unavailable)
SInv    .            (boots currently unavailable)
Will    +....        (no amulet) Stlth
                     (no ring)
HPRegen 0.33/turn    (no ring)
MPRegen 0.13/turn

%: no passive effects
@: beast-form, studying Armour, lightly drained
A: beast (slay +4), high MP 1, forlorn, divine attributes
a: Begin Untransformation


You were on level 8 of the Dungeon.
You were a hulking beast.
You visited 1 branch of the dungeon, and saw 8 of its levels.
You also visited: Bailey.

You collected 525 gold pieces.
You spent 132 gold pieces at shops.

Inventory:

Hand Weapons
 b - a +0 spear
 j - a +1 arbalest of flaming
 m - a +4 spectral quarterstaff
 y - the +12 trident of Fedhas's Favour {pain, MP+9 Int+3}
   (You found it on level 5 of the Dungeon)

   Int:       It affects your intelligence (+3).
   MP:        It affects your magic capacity (+9).
Missiles
 g - 5 poisoned darts (quivered)
Armour
 a - a +0 animal skin
 f - +0 steam dragon scales
 i - a +0 helmet
 l - a +0 scale mail (worn)
 t - +0 ice dragon scales
Jewellery
 k - a ring of ice
Talismans
 c - a beast talisman
Wands
 E - a wand of flame (7)
Scrolls
 e - 2 scrolls of immolation
 h - a scroll of poison
 o - 4 scrolls of amnesia
 q - a scroll of vulnerability {unknown}
 r - a scroll of enchant weapon
 u - 6 scrolls of noise
 z - a scroll of revelation
 A - 4 scrolls of enchant armour
 C - a scroll of brand weapon {unknown}
 D - a scroll of identify
Potions
 d - 4 potions of brilliance
 n - 4 potions of curing
 s - a potion of enlightenment
 v - a potion of magic {unknown}
 w - a potion of degeneration
 x - a potion of mutation {unknown}
 F - a potion of attraction {unknown}


   Skills:
 + Level 4.4 Fighting
 + Level 5.0 Dodging
 + Level 12.5 Unarmed Combat
 + Level 6.5 Shapeshifting


You had 7 spell levels left.
You knew the following spells:

 Your Spells              Type           Power      Damage    Failure   Level
a - Blink                 Tloc           0%         N/A       78%         2

Your spell library contained the following spells:

 Spells                   Type           Power      Damage    Failure   Level
 Necrotise                Necr           0%         1d4       65%         1
 Lesser Beckoning         Tloc           0%         N/A       78%         2
 Momentum Strike          Conj/Tloc      0%         3d8       78%         2
 Scorch                   Fire           0%         2d5       78%         2
 Inner Flame              Hex/Fire       0%         N/A       95%         3
 Vampiric Draining        Necr           0%         2d6       95%         3
 Volatile Blastmotes      Fire/Tloc      0%         2d10      95%         3
 Flame Wave               Conj/Fire      0%         2d4       100%        4
 Fulminant Prism          Conj/Hex       0%         3d5       100%        4
 Iskenderun's Mystic Bla  Conj/Tloc      0%         2d3       100%        4
 Sticky Flame             Conj/Fire      0%         2d3       100%        4
 Agony                    Necr           0%         N/A       100%        5
 Fireball                 Conj/Fire      0%         3d3       100%        5
 Iskenderun's Battlesphe  Conj           0%         2d6       100%        5
 Conjure Ball Lightning   Conj/Air       0%         3x3d6     100%        6
 Summon Cactus Giant      Summ           0%         N/A       100%        6
 Orb of Destruction       Conj           0%         9d5       100%        7


Dungeon Overview and Level Annotations

Branches:
Dungeon (8/15)             Temple (0/1) D:4            Lair (0/5) D:8
 Bailey (visited)

Shops:
D:1 *   D:5 [(

Annotations:
D:2 1 runed translucent door, Crazy Yiuf
D:7 1 runed translucent door, ragingrage's ghost, novice BaSh


Innate Abilities, Weirdness & Mutations

You are a hulking beast.
Your limbs bulge with bestial killing power. (Slay +4)
You have an increased reservoir of magic. (+10% MP)
You shall have no god before yourself.
Your divine heritage dramatically boosts your attributes as you level up.


Message History

The death yak is almost dead.
The death yak gores you!!
As you read the scroll of teleportation, it crumbles to dust.
You feel strangely unstable. The death yak barely misses you.
Unknown command.
Unknown command.
You hit the death yak.
The death yak is almost dead.
The death yak gores you!!
* * * LOW HITPOINT WARNING * * *
Unknown command.
The death yak attacks as you move away! The death yak closely misses you.
The death yak attacks as you move away! The death yak closely misses you.
Your surroundings suddenly seem different.
A hell rat comes into view.
The hell rat roars deafeningly!
A hell rat is nearby!
Unknown command.
You feel a bit more experienced.
Your Dodging skill increases to level 5!
There is a stone staircase leading up here.
Aiming: Throw Flame
Press: ? - help, Shift-Dir - straight line, f - hell rat
Aim: a hell rat (68% to hit)
The puff of flame misses the hell rat.
Throw: 6 darts (poison)
Press: ? - help, Q - select action, (/) - cycle Shift-Dir - straight line, f/p - hell rat
Aim: a hell rat (64% to hit)
You throw a poisoned dart.
The poisoned dart closely misses the hell rat.
Unknown command.
You completely miss the hell rat. The hell rat bites you.
* * * LOW HITPOINT WARNING * * *
Unknown command.
You barely miss the hell rat. The hell rat bites you.
* * * LOW HITPOINT WARNING * * *
You feel drained.
Unknown command.
You feel better. The hell rat bites you!
You die...

##..............## #.
####............#########.
####............##.....
##.......[..........
##..................
#...................
#...................
##...................
#...hr.....(..###....
##.####........####..#
#..# ##......###.....
##.## #.....###...... #..#
##...###.......
#..###########...#.....
*#..............###.....
#.#############.# ##....
##* ### ###..


You could see a hell rat.

Vanquished Creatures
  A death yak (D:8)
  A two-headed ogre (Bailey)
  2 deep elf pyromancers (D:8)
  A hornet (D:8)
  A slime creature (D:7)
  4 spriggans (Bailey)
  A fire bat (Bailey)
  2 humans (D:7)
  A vampire mosquito (D:8)
  4 steam dragons
  An acid dragon (D:8)
  2 orc warriors
  An ice beast (D:5)
  A wolf (D:5)
  3 centaurs
  6 ogres
  A phantom (D:6)
  2 kobold brigands
  3 bullfrogs
  3 scorpions
  5 wights (D:8)
  9 howler monkeys
  5 hounds
  14 jellies
  6 orc priests
  2 gnoll boudas
  4 iguanas
  7 orc wizards
  7 adders
  7 gnolls
  2 river rats (D:8)
  2 ufetubi
  4 worms (D:2)
  3 dart slugs
  23 orcs
  2 bats
  18 endoplasms
  6 giant cockroaches
  10 goblins
  4 hobgoblins
  5 quokkas
  5 ball pythons
  2 frilled lizards (D:1)
  10 kobolds
  9 rats
212 creatures vanquished.

Notes
Turn   | Place    | Note
-------+----------+-------------------------------------------
     0 | D:1      | olmar the Demigod Shapeshifter began the quest for the Orb.
     0 | D:1      | Reached XP level 1. HP: 15/15 MP: 3/3
   286 | D:1      | Reached skill level 1 in Fighting
   430 | D:1      | Found Wigen's General Store.
   454 | D:1      | Bought a scroll of identify for 22 gold pieces
   472 | D:1      | Reached skill level 3 in Unarmed Combat
   472 | D:1      | Reached XP level 2. HP: 14/23 MP: 4/4
  1831 | D:2      | Reached XP level 3. HP: 21/28 MP: 5/5
  1966 | D:2      | Found a runed translucent door.
  1967 | D:2      | Noticed Crazy Yiuf
  2312 | D:3      | Reached XP level 4. HP: 35/35 MP: 6/6
  2416 | D:3      | Reached skill level 4 in Unarmed Combat
  2956 | D:4      | Noticed an ogre
  3528 | D:4      | Reached XP level 5. HP: 40/40 MP: 7/7
  4156 | D:4      | Killed an ogre
  4157 | D:4      | Reached skill level 5 in Unarmed Combat
  4157 | D:4      | Reached XP level 6. HP: 29/47 MP: 8/8
  4651 | D:4      | Found a staircase to the Ecumenical Temple.
  4831 | D:1      | Bought a potion of enlightenment for 55 gold pieces
  4831 | D:1      | Bought a potion of degeneration for 11 gold pieces
  4831 | D:1      | Bought a scroll of identify for 22 gold pieces
  4831 | D:1      | Bought a scroll of identify for 22 gold pieces
  4987 | D:5      | Entered Level 5 of the Dungeon
  5215 | D:5      | Reached skill level 6 in Unarmed Combat
  5335 | D:5      | Reached XP level 7. HP: 53/53 MP: 9/9
  5363 | D:5      | Found Ihigay's Weapon Emporium.
  5867 | D:5      | Identified the +12 trident of Fedhas's Favour {pain, MP+9
                  | Int+3}
  5882 | D:5      | Reached skill level 7 in Unarmed Combat
  5956 | D:5      | Found Koridunn's Armour Emporium.
  6814 | D:6      | Reached XP level 8. HP: 51/62 MP: 10/10
  7076 | D:7      | Reached skill level 5 in Shapeshifting
  7151 | D:7      | Reached skill level 8 in Unarmed Combat
  7367 | D:7      | Found a runed translucent door.
  7367 | D:7      | Noticed ragingrage's ghost (novice BaSh)
  7367 | D:7      | Noticed a +4 flail of chaos
  7528 | D:7      | Noticed a slime creature
  8631 | D:7      | Killed a slime creature
  8632 | D:7      | Reached skill level 9 in Unarmed Combat
  8632 | D:7      | Reached XP level 9. HP: 43/69 MP: 11/11
  9445 | D:7      | Learned a level 2 spell: Blink
  9533 | D:8      | Reached skill level 10 in Unarmed Combat
  9580 | D:8      | Noticed a death yak
  9581 | D:8      | Noticed a death yak
  9603 | D:8      | Noticed a two-headed ogre
  9672 | D:8      | Found a flagged portal.
  9705 | Bailey   | Entered a bailey
 10170 | Bailey   | Reached skill level 11 in Unarmed Combat
 10264 | Bailey   | Noticed a two-headed ogre
 10329 | Bailey   | Killed a two-headed ogre
 10330 | Bailey   | Reached XP level 10. HP: 78/78 MP: 13/13
 11015 | D:8      | Noticed a deep elf pyromancer
 11024 | D:8      | Killed a deep elf pyromancer
 11304 | D:8      | Found a staircase to the Lair.
 11465 | D:8      | Noticed a deep elf pyromancer
 11479 | D:8      | Killed a deep elf pyromancer
 11480 | D:8      | Reached skill level 12 in Unarmed Combat
 12096 | D:8      | Noticed a death yak
 12175 | D:8      | Killed a death yak
 12176 | D:8      | Reached skill level 5 in Dodging
 12180 | D:8      | Slain by a hell rat

Illustrated notes

Levels and vault maps discovered:
D:1:      erik_arrival_cave_to_civilisation [erik_arrival_cave_to_hall],
          layout_basic, serial_shops, shop, minmay_cut_off
D:2:      layout_basic, basic_altar, shapermc_ecumenical_altar_flowoftime,
          st_stairs_1, grunt_ministairs_11, minmay_gold_behind_fungi,
          serial_bayou_lagoon_a, uniq_crazy_yiuf_cottage
D:3:      layout_rooms, grunt_qazlal_clouds, nicolae_elyvilon_temple_path
D:4:      layout_basic, old_standard_altar, nzn_wu_jian_contemplation,
          temple_green, feat_on_display
D:5:      layout_cave_pools, serial_rivers, chequers_serial_rivers_micro_e,
          chequers_serial_rivers_room_b, chequers_serial_rivers_room_a,
          chequers_serial_rivers_micro_b, chequers_serial_rivers_micro_d,
          serial_shops, nicolae_shop_statue_plus,
          nicolae_shop_bloodbath_and_beyond, minmay_manual_monstrance
D:6:      layout_basic, nemelex_diamond_rough_becter,
          mainiacjoe_overflow_six_doors_small
D:7:      lemuel_slime, layout_gridville, okawaru_humans, ebering_ghost_xom
D:8:      minmay_bloctagon, layout_cave_pods, dpeg_lair_monsters, enter_bailey_5

Skill      XL: |  1  2  3  4  5  6  7  8  9 10 |
---------------+-------------------------------+-----
Fighting       | 1 2 3 4 |  4.4
Unarmed Combat | 3 4 5 6 7 9 11 12 | 12.5
Shapeshifting  | 3 4 5 6 |  6.5
Dodging        | 2 3 4 5 |  5.0

Action                     |  1- 3 |  4- 6 |  7- 9 | 10-12 || total
---------------------------+-------+-------+-------+-------++-------
  Melee: Unarmed           |   134 |   130 |   278 |    89 ||   631
         Punch             |     1 |     4 |    17 |     6 ||    28
  Throw: Dart              |     1 |    12 |    49 |    14 ||    76
         Boomerang         |       |    29 |    71 |       ||   100
         Throwing net      |       |       |     2 |       ||     2
  Evoke: Wand              |       |       |    21 |     4 ||    25
    Use: Potion            |     1 |       |     8 |     4 ||    13
         Scroll            |     5 |     5 |     8 |     5 ||    23
 Armour: Animal skin       |     7 |       |       |       ||     7
         Scale mail        |    22 |    41 |    64 |    27 ||   154
         Skin              |       |       |    18 |     1 ||    19
  Dodge: Dodged            |    46 |    52 |   103 |    49 ||   250

Table legend: (Time is in decaauts)
 A = Elapsed time spent in this place.
 B = Non-inter-level travel time spent in this place.
 C = Inter-level travel time spent in this place.
 D = Time resting spent in this place.
 E = Time spent auto-exploring this place.
 F = Levels seen in this place.
 G = Mean time per level.
                   A        B        C        D        E       F      G
               +--------+--------+--------+--------+--------+-----+--------+
         Total |  12158 |  11726 |    432 |   4624 |   5147 |   9 | 1350.9 |
       Dungeon |  10910 |  10478 |    432 |   3677 |   5037 |   8 | 1363.8 |
        Bailey |   1247 |   1247 |      0 |    947 |    109 |   1 | 1247.0 |
               +--------+--------+--------+--------+--------+-----+--------+

Top non-repeatable levels by time:
     D:7: 2394 daAuts
     D:4: 1888 daAuts
     D:8: 1459 daAuts
  Bailey: 1247 daAuts
     D:1: 1175 daAuts
     D:2: 1102 daAuts
     D:5: 995 daAuts
     D:6: 950 daAuts
     D:3: 943 daAuts
